Map: Acid Plant LE

Players

HeroMarine - Winner!

  • Race: Terran Terran
  • Spawn Location: 5:00

Silky

  • Race: Zerg Zerg
  • Spawn Location: 11:00

Event: WCS Montreal 2018

VOD

Have the link to the VOD?

Description

Time

  • Played on: Sept. 7, 2018, 5:17 p.m.
  • Length: 12:03

All games in this series

Show
View Real Time Build Order
Export as new Build Order

HeroMarine Terran - Winner!

Build Orders: Hellion Opening, Reaper Expand, Bio Tank 

Get SALT Encoding   

  12  0:00  SCV  
  13  0:12  SCV  
  14  0:17  Supply Depot  
  14  0:24  SCV  
  15  0:38  SCV  
  15  0:40  Barracks  
  16  0:43  Refinery  
  16  0:51  SCV  
  17  1:03  SCV  
  18  1:15  SCV  
  19  1:27  Reaper, Orbital Command  
  20  1:39  Command Center  
  20  1:46  Supply Depot  
  20  1:53  SCV  
  21  1:59  Marine  
  22  2:05  SCV  
  22  2:07  Factory  
  23  2:11  Refinery  
  23  2:17  SCV  
  23  2:20  Barracks Reactor  
  24  2:29  SCV  
  25  2:41  SCV  
  26  2:53  SCV, Orbital Command  
  26  2:54  Starport  
  27  3:01  Hellion x2  
  27  3:03  Barracks Tech Lab  
  31  3:06  SCV  
  32  3:18  SCV  
  32  3:19  SCV  
  34  3:22  Hellion, Supply Depot  
  34  3:23  Hellion  
  34  3:24  Marine  
  39  3:31  Viking  
  39  3:32  SCV  
  39  3:33  SCV  
  43  3:37  Stimpack  
  43  3:44  Hellion x2  
  47  3:48  SCV  
  47  3:49  SCV  
  47  3:52  Supply Depot  
  49  3:57  Marine  
  49  4:01  Medivac  
  52  4:03  SCV x2  
  54  4:14  Hellion x2, Armory  
  58  4:17  Supply Depot  
  58  4:20  SCV x2  
  58  4:23  Marine  
  61  4:32  SCV  
  61  4:33  Starport Reactor  
  62  4:38  SCV  
  62  4:41  Command Center  
  62  4:45  Factory Tech Lab, Marine  
  64  4:49  SCV  
  64  4:50  SCV  
  66  4:52  Barracks  
  66  4:54  Barracks  
  66  5:01  SCV  
  66  5:02  Marine  
  66  5:03  SCV  
  69  5:14  Engineering Bay, SCV  
  70  5:15  Engineering Bay, Refinery x2  
  70  5:17  SCV  
  65  5:22  Marine  
  65  5:25  Siege Tank  
  65  5:26  SCV  
  70  5:30  Starport Reactor  
  70  5:34  Hellion x4  
  70  5:38  Supply Depot  
  70  5:43  Terran Infantry Armor Level 1, Terran Infantry Weapons Level 1  
  70  5:46  Combat Shields  
  70  5:52  SCV x2, Marine x3  
  70  5:53  Supply Depot  
  70  5:54  Hellion x4  
  75  6:04  SCV x2, Marine x2  
  75  6:06  Siege Tank  
  75  6:07  Medivac  
  75  6:10  Marine  
  75  6:11  Medivac, Supply Depot  
  87  6:16  Orbital Command  
  87  6:17  SCV x2, Marine x2  
  91  6:22  Marine x2  
  93  6:29  SCV x2  
  93  6:32  Barracks  
  95  6:33  Barracks, Marine  
  95  6:35  Marine  
  97  6:41  SCV x2  
  97  6:42  Marine x3  
  97  6:43  Medivac  
  97  6:45  Medivac  
  106  6:50  Supply Depot  
  106  6:53  SCV, Supply Depot  
  107  6:58  SCV x2  
  109  7:05  Supply Depot  
  109  7:12  SCV x2, Siege Tank, Marine x3  
  109  7:14  Liberator x2  
  109  7:15  SCV, Marine x2  
  120  7:20  Supply Depot  
  120  7:22  Barracks Reactor x2, Supply Depot  
  120  7:24  SCV  
  120  7:29  Marine x3  
  125  7:32  Marine x2  
  125  7:33  SCV  
  133  7:38  Refinery  
  133  7:39  Refinery  
  133  7:40  Factory  
  133  7:42  SCV x2  
  135  7:46  SCV  
  135  7:47  Marine x2  
  138  7:57  SCV x2  
  122  7:59  SCV, Marine x2  
  122  8:02  Marine x2  
  122  8:03  Marine  
  122  8:05  Siege Tank  
  108  8:06  Terran Infantry Weapons Level 2, Marine  
  108  8:07  Marine x2  
  108  8:10  Marine  
  107  8:14  Barracks, Supply Depot  
  107  8:15  Barracks  
  107  8:16  Barracks, Supply Depot  
  107  8:17  Marine x2  
  107  8:19  Medivac x2  
  113  8:32  Marine  
  113  8:33  Marauder, Marine  
  117  8:35  Marine x5  
  117  8:36  Terran Infantry Armor Level 2  
  117  8:38  Terran Vehicle And Ship Armor Level 1  
  117  8:39  Marine  
  123  8:42  Factory Tech Lab  
  123  8:44  Command Center  
  123  8:50  Marine x2  
  123  8:53  Medivac x2, Marine x3  
  132  8:57  Marine  
  132  8:58  SCV x2  
  132  9:02  Barracks Tech Lab x2  
  135  9:03  SCV  
  135  9:05  Supply Depot  
  135  9:07  Supply Depot  
  135  9:09  Barracks Tech Lab, Marine x2  
  140  9:17  Marauder, Supply Depot x2  
  140  9:18  Supply Depot  
  140  9:19  Marine  
  140  9:21  Marine  
  140  9:23  Marauder x2  
  140  9:24  Concussive Shells, Marine  
  146  9:26  Marine x2  
  146  9:27  Marauder  
  146  9:30  Supply Depot  
  146  9:31  Marine  
  152  9:32  Sensor Tower  
  152  9:33  Marine  
  152  9:34  Marine  
  82  9:38  Medivac x2, Marauder  
  153  9:39  Siege Tank x2  
  153  9:43  Marine, Supply Depot  
  153  9:45  Marauder x2  
  168  9:48  Marine  
  168  9:49  Marauder, Marine  
  168  9:51  Marine x2  
  174  9:57  Marine x2  
  174  10:00  Marauder  
  174  10:04  Marine x2  
  174  10:06  Marauder x2  
  180  10:07  Marine x2  
  180  10:11  Siege Tank  
  181  10:17  Marauder  
  181  10:18  Siege Tank  
  186  10:22  Liberator  
  186  10:24  SCV  
  186  10:25  SCV x2  
  186  10:27  Marine x2  
  191  10:30  Marine  
  191  10:31  Marine  
  173  10:36  Marauder, Marine x2  
  173  10:41  Planetary Fortress  
  181  10:43  Siege Tank  
  183  10:51  Marine x3  
  183  10:52  Marauder, Marine  
  183  10:54  Marine  
  190  11:00  Marauder  
  177  11:09  Marauder, Marine x2  
  146  11:11  Marine  
  146  11:12  Marine x2  
  146  11:15  Siege Tank x2  
  146  11:16  Marine x2  
  151  11:20  Marauder  
  151  11:21  Marine x2  
  151  11:24  Marine  
  151  11:27  Marine  
  152  11:34  Marauder  
  152  11:35  Marine x2  
  161  11:40  Marauder, Marine x2  
  161  11:41  Marine x2  
  161  11:42  Marine x2  
Show
View Real Time Build Order
Export as new Build Order

Silky Zerg 

Build Orders: Hatch First 

Get SALT Encoding   

  12  0:00  Drone  
  13  0:12  Overlord  
  13  0:16  Drone  
  14  0:31  Drone x2  
  16  0:47  Hatchery  
  15  0:50  Drone  
  15  0:54  Drone  
  17  0:58  Drone  
  18  1:08  Extractor  
  17  1:13  Spawning Pool  
  17  1:16  Drone  
  17  1:20  Drone  
  18  1:27  Drone  
  19  1:39  Drone  
  20  1:49  Overlord  
  20  1:59  Queen  
  20  2:00  Zergling x4, Queen  
  26  2:09  Metabolic Boost  
  26  2:10  Drone  
  26  2:11  Drone  
  28  2:28  Hatchery  
  27  2:32  Drone  
  27  2:35  Drone  
  29  2:41  Queen  
  31  2:46  Overlord  
  31  2:50  Drone  
  32  2:53  Drone  
  32  2:55  Drone  
  32  2:56  Drone  
  35  3:03  Drone  
  36  3:10  Overlord  
  36  3:12  Zergling x4  
  38  3:14  Drone x3  
  41  3:20  Queen  
  41  3:24  Overlord  
  43  3:27  Drone  
  44  3:34  Drone x3  
  44  3:38  Drone  
  44  3:40  Queen  
  50  3:45  Zergling x4  
  52  3:50  Drone x2  
  52  3:51  Drone x2  
  52  3:54  Overlord  
  56  3:59  Queen  
  58  4:07  Lair  
  58  4:12  Baneling Nest, Overlord  
  58  4:14  Drone  
  58  4:15  Zergling x4  
  60  4:23  Spore Crawler  
  60  4:24  Drone x4  
  60  4:29  Overlord  
  63  4:34  Drone  
  63  4:35  Drone x4  
  68  4:40  Extractor  
  68  4:41  Extractor, Overlord  
  66  4:48  Drone  
  66  4:49  Drone x5  
  72  4:53  Queen  
  72  4:56  Overlord  
  74  5:04  Spore Crawler  
  73  5:08  Zergling x16  
  81  5:17  Overlord  
  81  5:18  Zergling x4  
  77  5:24  Drone x5  
  77  5:27  Centrifical Hooks  
  82  5:30  Extractor, Drone  
  82  5:31  Extractor, Drone, Evolution Chamber  
  82  5:33  Drone x2  
  82  5:35  Drone, Evolution Chamber  
  83  5:37  Drone  
  83  5:45  Drone x3  
  83  5:48  Baneling x4  
  83  5:49  Overseer  
  86  5:52  Drone  
  86  5:56  Hatchery  
  86  5:58  Zerg Ground Armor Level 1  
  86  5:59  Drone  
  86  6:02  Drone x2  
  89  6:04  Extractor  
  89  6:05  Zerg Melee Weapons Level 1  
  89  6:08  Baneling  
  88  6:11  Zergling x4  
  88  6:12  Zergling x6  
  88  6:16  Drone  
  94  6:18  Roach Warren  
  94  6:25  Hydralisk Den  
  94  6:26  Drone x2  
  94  6:31  Drone x2, Overlord  
  97  6:34  Overlord  
  97  6:49  Drone  
  97  6:50  Drone  
  97  6:51  Zergling x14  
  97  6:53  Overlord  
  106  6:57  Overlord  
  106  7:07  Zergling x2  
  106  7:08  Zergling x6  
  110  7:09  Muscular Augments  
  110  7:10  Overseer  
  110  7:11  Baneling x10  
  110  7:14  Zergling x4  
  110  7:15  Zergling x4  
  106  7:20  Zergling x2  
  106  7:21  Zergling x14  
  114  7:24  Zergling x6  
  117  7:30  Zergling x6  
  117  7:35  Hatchery, Zergling x2  
  120  7:37  Baneling x2  
  120  7:38  Baneling x4  
  120  7:43  Hydralisk x3  
  126  7:48  Hatchery  
  126  7:50  Baneling x7  
  109  8:02  Zergling x22  
  104  8:06  Hydralisk  
  104  8:07  Hydralisk x3  
  110  8:14  Hydralisk  
  110  8:15  Hydralisk x2  
  116  8:20  Grooved Spines, Zergling x6  
  116  8:21  Zergling x4  
  116  8:24  Zergling x6  
  124  8:27  Drone  
  124  8:31  Drone  
  126  8:35  Baneling x4  
  126  8:40  Hydralisk  
  126  8:41  Hydralisk x2  
  128  8:45  Hydralisk x2, Infestation Pit  
  128  8:47  Overlord x2  
  135  9:01  Hydralisk  
  135  9:02  Hydralisk x2  
  139  9:09  Zergling x28  
  152  9:15  Zergling x6  
  152  9:16  Zergling x2  
  156  9:17  Overlord  
  156  9:19  Spore Crawler  
  156  9:22  Drone  
  156  9:23  Spore Crawler  
  155  9:24  Spore Crawler  
  154  9:31  Baneling  
  154  9:32  Baneling x14  
  154  9:33  Baneling x5  
  154  9:34  Baneling  
  154  9:37  Drone x2  
  154  9:38  Drone  
  157  9:45  Zergling x6  
  158  9:46  Zergling x6  
  158  10:00  Drone x4  
  160  10:08  Drone x2  
  161  10:16  Baneling x10  
  161  10:17  Baneling x6  
  161  10:19  Zergling x12  
  161  10:20  Overlord  
  161  10:21  Overlord  
  148  10:35  Zergling x2  
  148  10:36  Zergling x24  
  160  10:46  Drone x2  
  160  10:47  Drone x3  
  160  10:48  Drone x2  
  167  10:51  Zergling x14  
  172  11:00  Zergling x20  
  170  11:11  Zergling x18  
  143  11:19  Zergling x18  
  143  11:20  Zergling x4  
  143  11:24  Baneling  
  143  11:25  Baneling x13  
  149  11:29  Zergling x8  
  149  11:30  Zergling x2  
  151  11:34  Zergling x2  
  151  11:35  Zergling x10  
  151  11:39  Zergling x6  
Tags
 
Add a new tag
Caveats
  • Supply blocks, unpowered buildings, or Contaminate may cause inaccurate times.
  • Supply counts are checked every 10 seconds.